 Dungeon Crawl Stone Soup version 0.19-a0-1720-gc855d72 (webtiles) character file.

774 Duffy the Conjurer (level 7, -1/44 HPs)
             Began as an Octopode Wizard on Sept 29, 2016.
             Was a Believer of Sif Muna.
             Slain by an ogre
             ... wielding a +0 giant spiked club
              (24 damage)
             ... on level 5 of the Dungeon.
             The game lasted 00:19:43 (7728 turns).

Duffy the Conjurer (Octopode Wizard)                Turns: 7728, Time: 00:19:44

Health: -1/44      AC:  3    Str:  9    XL:     7   Next: 84%
Magic:  13/15      EV: 13    Int: 23    God:    Sif Muna [**....]
Gold:   244        SH:  0    Dex: 10    Spells: 6 memorised, 4 levels left

rFire  . . .     SeeInvis .     j - +0 dagger
rCold  . . .     Gourm    .     (no shield)
rNeg   . . .     Faith    .     a - +1 hat
rPois  .         Spirit   .     (no amulet)
rElec  .         Dismiss  .     g - +3 ring of strength
rCorr  .         Reflect  .     (no ring)
MR     .....     Harm     .     (no ring)
Stlth  +++.......               (no ring)
                                (no ring)
                                (no ring)
                                (no ring)
                                (no ring)

@: repel missiles, divine energy
A: almost no armour, stealthy swim, amphibious, 8 rings, constrict 8, camouflage
1, gelatinous body 1
a: Stop Divine Energy, Renounce Religion


You were on level 5 of the Dungeon.
You worshipped Sif Muna.
Sif Muna was pleased with you.
You were not hungry.

You visited 1 branch of the dungeon, and saw 5 of its levels.

You collected 244 gold pieces.

Inventory:

Hand Weapons
 j - a +0 dagger (weapon)
Missiles
 i - a throwing net (quivered) {!f}
Armour
 a - a +1 hat (worn)
Jewellery
 g - a +3 ring of strength (left tentacle)
Wands
 x - a wand of paralysis (21/24)
 y - a wand of flame (21/48)
 B - a wand of flame (21/48)
Scrolls
 m - 3 scrolls of magic mapping
 p - 2 scrolls of recharging
 A - a scroll of remove curse
Potions
 f - a potion of curing
 k - a potion of magic
 l - a potion of mutation {unknown}
 r - a potion of might
 t - 2 potions of resistance {unknown}
 u - 2 potions of heal wounds
 z - a potion of brilliance {unknown}
Books
 b - a book of Minor Magic

   Spells                             Type                      Level
   a - Magic Dart                     Conjuration                  1
   b - Blink                          Translocation                2
   c - Call Imp                       Summoning                    2
   d - Repel Missiles                 Charms/Air                   2
   e - Slow                           Hexes                        2
   f - Conjure Flame                  Conjuration/Fire             3
   g - Mephitic Cloud                 Conjuration/Poison/Air       3
 e - a book of Dreams

   Spells                             Type                      Level
   a - Ensorcelled Hibernation        Hexes/Ice                    2
   b - Silence                        Hexes/Air                    5
   c - Darkness                       Hexes                        6
   d - Shadow Creatures               Summoning                    6
Comestibles
 c - 10 bread rations
 q - a meat ration


   Skills:
 + Level 1.9 Fighting
 - Level 2.0 Dodging
 - Level 2.6 Stealth
 + Level 5.8 Spellcasting
 - Level 6.0 Conjurations
 - Level 1.0 Summonings
 - Level 1.0 Translocations


You had 4 spell levels left.
You knew the following spells:

 Your Spells              Type           Power        Failure   Level  Hunger
a - Magic Dart            Conj           ####         1%          1    None
i - Call Imp              Summ           ##......     12%         2    None
l - Conjure Flame         Conj/Fire      ###.....     10%         3    #......
m - Repel Missiles        Chrm/Air       #.....       17%         2    None
o - Mephitic Cloud        Conj/Pois/Air  ###.....     14%         3    #......
B - Blink                 Tloc           N/A          12%         2    None


Dungeon Overview and Level Annotations

Branches:
Dungeon (5/15)
 Temple: D:4-7

Altars:
Dithmenos
Gozag
Makhleb
Ru
Sif Muna
Vehumet


Innate Abilities, Weirdness & Mutations

You cannot wear most types of armour.
You are very stealthy in the water.
You are amphibious.
You can wear up to eight rings at the same time.
You can use your tentacles to constrict eight enemies at once.
Your skin changes colour to match your surroundings (Stealth+).
Your rubbery body absorbs attacks. (AC +1, EV +1)


Message History

Cast which spell? (? or * to list)
Aiming: Magic Dart
Press: ? - help, Shift-Dir - straight line, f/p - ogre
Aim: an ogre, wielding a giant spiked club (heavily wounded)
The magic dart hits the ogre.
The ogre is heavily wounded.
The ogre hits you with a giant spiked club!!
You hit the ogre but do no damage.
The ogre is heavily wounded.
The ogre barely misses you.
You hit the ogre.
The ogre is heavily wounded.
You hit the ogre. You squeeze the ogre, but do no damage.
The ogre is heavily wounded.
The ogre barely misses you.
You hit the ogre.
The ogre is severely wounded.
The ogre hits you with a giant spiked club!!
Ouch! That really hurt!
You die...

,*,..............#......#........
,*+#######..##...#......#....##..
,,,,,,,,,#+###...#......#[...##..
,,,,,,<,,#.......#......#.....#..
*,,,,,,,,#.......#......#....##..
*,,,,,,,,#####...#......#....##..
+,,,,,,,,,,,,#...#......#.....#..
*,,,,,,,,,,,,#...#......#.....'..
*,,,,,,,,,,,,#..@#......#.....#..
*,,,,,,,,,,,,#..O#......#######..
*********,,,,###'#............###
**,,,,,,+,,,,*,..#...............
,,,,,,,,*,,,,*,..'..........(....
,,,,,,,,*,.,,*...#...............
**,,**,,*,...###'#.........<.....
**,,**,,**#......................
,,,,,,,,,,#......................


You could see an ogre.

Vanquished Creatures
  Sigmund (D:3)
  Duvessa (D:4)
  An ogre (D:4)
  A scorpion (D:5)
  2 howler monkeys
  2 orc priests
  An orc wizard (D:5)
  A worker ant (D:4)
  4 adders
  A shadow imp (D:3)
  An ooze (D:1)
  2 worms (D:3)
  4 dart slugs
  A leopard gecko (D:2)
  4 orcs
  6 giant cockroaches
  6 goblins
  8 hobgoblins
  5 kobolds
  A quokka (D:3)
  11 bats
  4 frilled lizards
  A jackal skeleton (D:4)
  12 rats
81 creatures vanquished.

Vanquished Creatures (collateral kills)
  Dowan (D:4)
  A crimson imp (D:2)
  2 orc wizards (D:3)
  3 gnolls (D:3)
  A howler monkey skeleton (D:4)
  An adder (D:3)
  2 worms (D:2)
  A dart slug (D:3)
  13 orcs
  A giant cockroach (D:3)
26 creatures vanquished.

Grand Total: 107 creatures vanquished

Notes
Turn   | Place    | Note
-------+----------+-------------------------------------------
     0 | D:1      | Duffy the Octopode Wizard began the quest for the Orb.
     0 | D:1      | Reached XP level 1. HP: 11/11 MP: 4/4
   218 | D:1      | Reached XP level 2. HP: 17/17 MP: 0/6
   222 | D:1      | Learned a level 2 spell: Blink
   225 | D:1      | Learned a level 2 spell: Repel Missiles
   228 | D:1      | Learned a level 2 spell: Call Imp
   734 | D:2      | Reached skill level 2 in Conjurations
   924 | D:3      | Found a deep blue altar of Sif Muna.
   930 | D:3      | Became a worshipper of Sif Muna the Loreminder
  1195 | D:1      | Reached XP level 3. HP: 21/21 MP: 0/7
  2218 | D:2      | Found a burning altar of Makhleb.
  2237 | D:2      | Reached skill level 3 in Conjurations
  2237 | D:2      | Reached XP level 4. HP: 23/27 MP: 1/9
  2242 | D:2      | Learned a level 3 spell: Conjure Flame
  2984 | D:3      | Reached * piety under Sif Muna
  3196 | D:3      | Found a faded altar of an unknown god.
  3201 | D:3      | Noticed Sigmund
  3656 | D:3      | Killed Sigmund
  3656 | D:3      | Reached skill level 4 in Spellcasting
  3656 | D:3      | Reached skill level 4 in Conjurations
  3656 | D:3      | Reached XP level 5. HP: 25/31 MP: 0/11
  3943 | D:3      | Found a shadowy altar of Dithmenos.
  4099 | D:3      | Reached XP level 6. HP: 28/36 MP: 10/12
  4104 | D:3      | Learned a level 3 spell: Mephitic Cloud
  4175 | D:3      | Upgraded the game from 0.19-a0-1714-gcab94ab to 0.19-a0-1720-gc855d72
  5013 | D:3      | Reached skill level 5 in Conjurations
  5378 | D:4      | Found an opulent altar of Gozag.
  5632 | D:4      | Found a sacrificial altar of Ru.
  5693 | D:4      | Found a radiant altar of Vehumet.
  5806 | D:4      | Noticed Dowan
  5815 | D:4      | Noticed Duvessa
  6239 | D:4      | Killed Dowan
  6348 | D:4      | Reached skill level 5 in Spellcasting
  6348 | D:4      | Reached XP level 7. HP: 41/41 MP: 1/14
  6833 | D:4      | Killed Duvessa
  6833 | D:4      | Reached skill level 6 in Conjurations
  7151 | D:5      | Entered Level 5 of the Dungeon
  7158 | D:5      | Reached skill level 1 in Fighting
  7414 | D:5      | Reached ** piety under Sif Muna
  7728 | D:5      | Slain by an ogre

Vault maps used:
D:1:      sevenhm_arrival_forest_fort_large_4
D:2:      makhleb_grotto_becter
D:3:      led_sif_pool, nicolae_dithmenos_shadow_blocks, first_bread,
          ecumenical_altar_1, corner_web_ring, uniq_sigmund
D:4:      marbit_many_paths, nicolae_overflow_crystal_walls,
          vehumet_altar_wand_db, uniq_duvessa
D:5:      eino_tiny_chamber, lemuel_flame_loot_1

Skill      XL: |  1  2  3  4  5  6  7 |
---------------+----------------------+-----
Conjurations   | 2 3 4 5 6 |  6.0
Spellcasting   | 4 5 |  5.8
Fighting       | 1 |  1.9
Dodging        | |  2.0
Stealth        | |  2.6
Summonings     | |  1.0
Translocations | |  1.0

Action                   |  1- 3 |  4- 6 |  7- 9 || total
-------------------------+-------+-------+-------++-------
Melee: Unarmed           |    13 |       |       ||    13
       Constrict         |     6 |    11 |     3 ||    20
       Tentacles         |     5 |     5 |     4 ||    14
       Dagger            |    15 |    30 |    11 ||    56
 Cast: Magic Dart        |    81 |    96 |    44 ||   221
       Call Imp          |     4 |    66 |     3 ||    73
       Repel Missiles    |     1 |     1 |       ||     2
       Conjure Flame     |       |     2 |     1 ||     3
       Mephitic Cloud    |       |     2 |     1 ||     3
Invok: Divine Energy     |       |     1 |       ||     1
  Use: Scroll            |       |     6 |     9 ||    15
       Potion            |       |     1 |       ||     1
  Eat: Chunk             |     4 |    12 |       ||    16
       Pizza             |       |     1 |       ||     1
       Royal jelly       |       |       |     2 ||     2
Armor: Skin              |     9 |     2 |     1 ||    12
Dodge: Dodged            |    25 |    35 |    20 ||    80
       Deflected         |       |     4 |       ||     4
